Map: Odyssey LE

Players

SamuraiFunn

  • Race: Protoss Protoss
  • Spawn Location: 11:00

A.I. 1 (Very Hard) - Winner!

  • Race: Terran Terran
  • Spawn Location: 5:00

VOD

Have the link to the VOD?

Description

Time

  • Played on: Nov. 14, 2017, 6:05 p.m.
  • Length: 10:24
Show
View Real Time Build Order
Export as new Build Order

SamuraiFunn Protoss 

Build Orders: Oracle Opening 

Get SALT Encoding   

  12  0:01  Probe  
  13  0:13  Probe  
  14  0:20  Pylon  
  14  0:25  Probe  
  15  0:37  Assimilator  
  15  0:38  Probe  
  16  0:45  Gateway  
  16  0:50  Probe  
  16  0:56  Assimilator  
  17  1:02  Probe (Chrono Boost)  
  18  1:14  Probe (Chrono Boost)  
  18  1:17  Assimilator  
  19  1:20  Probe (Chrono Boost)  
  20  1:28  Probe  
  21  1:33  Cybernetics Core  
  21  1:39  Pylon  
  21  1:41  Probe (Chrono Boost)  
  22  1:53  Probe  
  23  1:57  Zealot  
  23  2:01  Pylon  
  25  2:06  Probe  
  26  2:19  Stargate  
  26  2:24  Zealot  
  28  2:43  Nexus  
  28  2:47  Probe  
  29  2:56  Zealot  
  31  3:05  Oracle  
  34  3:16  Gateway  
  34  3:19  Probe  
  35  3:31  Probe  
  36  3:41  Oracle  
  39  3:47  Stargate  
  39  3:52  Pylon  
  39  3:55  Pylon  
  39  3:58  Probe x2  
  41  4:05  Assimilator  
  41  4:08  Assimilator  
  41  4:11  Probe x2  
  43  4:28  Oracle  
  46  4:38  Oracle  
  46  4:41  Probe x2  
  51  4:53  Probe x2  
  53  5:20  Zealot x2  
  57  5:22  Oracle x2  
  63  5:30  Pylon  
  63  5:37  Gateway  
  54  6:06  Void Ray x2  
  62  6:12  Gateway  
  62  6:14  Gateway  
  62  6:16  Probe  
  62  6:17  Probe  
  63  6:40  Stalker x2  
  63  6:45  Stalker  
  69  6:51  Forge  
  68  6:59  Void Ray x2  
  76  7:05  Probe x2  
  78  7:22  Pylon  
  78  7:25  Pylon  
  78  7:27  Pylon  
  78  7:38  Pylon  
  78  7:40  Probe x2, Pylon, Stalker x3  
  86  7:46  Nexus  
  86  8:20  Pylon  
  86  8:22  Warp Gate (Chrono Boost)  
  86  8:23  Pylon  
  86  8:36  Assimilator  
  86  8:37  Stalker x2  
  86  8:38  Assimilator  
Show
View Real Time Build Order
Export as new Build Order

A.I. 1 (Very Hard) Terran - Winner!

Build Orders: MMM Bio 

Get SALT Encoding   

  12  0:00  SCV  
  13  0:13  SCV  
  14  0:19  Supply Depot  
  14  0:25  SCV  
  15  0:40  SCV  
  16  0:44  Barracks  
  16  0:53  SCV  
  17  1:05  SCV  
  18  1:17  SCV  
  19  1:20  Supply Depot  
  19  1:22  Refinery  
  19  1:29  SCV  
  19  1:32  Marine  
  21  1:41  SCV  
  22  1:50  Marine  
  22  1:51  Barracks  
  22  1:53  SCV  
  24  1:57  Refinery  
  24  2:04  Supply Depot  
  24  2:06  Orbital Command  
  24  2:08  Marine  
  25  2:26  Marine  
  26  2:31  SCV  
  27  2:39  Command Center  
  27  2:40  Marine  
  28  2:45  SCV  
  29  3:03  SCV, Factory  
  30  3:06  Marine  
  30  3:08  Marine  
  32  3:15  SCV  
  33  3:24  Marine  
  33  3:26  Marine  
  35  3:27  SCV  
  36  3:39  SCV  
  37  3:48  Factory Tech Lab  
  37  3:50  Marine x2, Orbital Command  
  37  3:51  SCV  
  40  3:57  Starport  
  40  4:03  SCV  
  40  4:07  Supply Depot  
  40  4:08  Marine  
  40  4:09  Marine  
  42  4:16  SCV x2  
  45  4:21  Siege Tank  
  48  4:28  SCV x2  
  48  4:30  Supply Depot  
  50  4:32  Marine  
  50  4:34  Marine  
  50  4:36  Starport Tech Lab  
  52  4:40  SCV x2  
  54  4:46  Supply Depot  
  54  4:52  SCV x2  
  56  4:54  Siege Tank  
  56  4:59  Banshee  
  62  5:03  Barracks Tech Lab  
  62  5:04  SCV x2  
  64  5:16  SCV  
  65  5:24  Barracks Reactor, Barracks, Stimpack  
  65  5:25  Marauder  
  65  5:26  Siege Tank  
  70  5:31  Supply Depot  
  70  5:36  Command Center  
  70  5:49  Marauder  
  65  5:53  Viking  
  59  5:59  Marine  
  59  6:00  Marine  
  63  6:04  Siege Tank  
  63  6:10  Marauder  
  65  6:11  Barracks Tech Lab  
  65  6:27  Viking  
  65  6:29  Combat Shields  
  65  6:32  Marauder  
  69  6:33  Marauder  
  71  6:49  SCV x2  
  71  6:50  SCV  
  71  6:53  Marauder  
  76  6:57  Marauder, Viking  
  76  6:58  Refinery  
  80  7:01  SCV  
  80  7:03  SCV  
  80  7:05  SCV  
  80  7:13  SCV  
  80  7:14  Marauder  
  80  7:15  SCV  
  84  7:18  SCV  
  85  7:25  SCV  
  85  7:27  SCV, Viking  
  89  7:30  SCV  
  89  7:33  Supply Depot  
  90  7:38  SCV  
  90  7:39  SCV  
  90  7:42  SCV  
  93  7:47  Marauder  
  95  7:52  Refinery  
  95  7:57  Viking  
  96  8:00  Supply Depot  
  96  8:09  Marauder  
  96  8:10  Concussive Shells  
  98  8:14  SCV x2  
  98  8:19  Command Center  
  100  8:27  Viking  
  102  8:36  Supply Depot  
  98  8:42  Marine  
  98  8:44  Marine  
  98  8:46  Marine  
  100  8:53  Engineering Bay  
  100  8:57  Viking  
  100  9:01  SCV x3  
  88  9:13  SCV  
  87  9:22  SCV  
  86  9:27  Viking  
  86  9:28  Command Center  
  80  9:35  SCV  
  77  9:39  SCV  
  77  9:44  SCV  
  75  9:48  SCV  
  74  9:52  SCV  
  74  9:58  SCV  
  77  10:03  SCV  
  76  10:10  SCV  
Tags
 
Composition
MMM Bio
Matchup
PvT
Replay Pack
First 100 games
Spawn Locations
Cross Positions
Add a new tag
Caveats
  • Supply blocks, unpowered buildings, or Contaminate may cause inaccurate times.
  • Supply counts are checked every 10 seconds.